 Dungeon Crawl Stone Soup version 0.22-b1-21-g5cfc168 (webtiles) character file.

13687 letownia2 the Martial Artist (level 11, 0/78 HPs)
             Began as a Demonspawn Transmuter on Aug 5, 2018.
             Was a High Priest of Cheibriados.
             Slain by a polar bear (7 damage)
             ... in an ice cave.
             The game lasted 00:46:58 (6515 turns).

letownia2 the Martial Artist (DsTm)                 Turns: 6515, Time: 00:46:59

Health: 0/78       AC: 19    Str: 27    XL:     11   Next: 78%
Magic:  0/17       EV: 12    Int: 26    God:    Cheibriados [*****.]
Gold:   384        SH:  8    Dex: 25    Spells: 2/19 levels left

rFire    . . .     SeeInvis .     - Unarmed
rCold    + . .     Gourm    .   E - +2 buckler
rNeg     . . .     Faith    .   o - +4 scale mail
rPois    .         Spirit   +   (helmet unavailable)
rElec    .         Reflect  .   c - +1 cloak "Afayqe" {+Inv Str+3}
rCorr    .         Harm     .   (no gloves)
MR       .....                  (no boots)
Stlth    +.........             (no amulet)
HPRegen  0.23/turn              r - ring of wizardry
MPRegen  0.30/turn              w - ring of ice

@: singing (expiring), sanguine armour, very slow
A: horns 3, fire resistance 1, magic shield, magic regeneration, sanguine armour
1
a: Bend Time, Temporal Distortion, Slouch, Step From Time, Renounce Religion,
Evoke Invisibility


You were in an ice cave.
You worshipped Cheibriados.
Cheibriados was extremely pleased with you.
You were not hungry.

You visited 4 branches of the dungeon, and saw 17 of its levels.
You also visited: Ice Cave.

You collected 636 gold pieces.
You spent 252 gold pieces at shops.

Inventory:

Hand Weapons
 t - the +9 trident of Breach {distort, MP+9 Int+2 Stlth+}
   (You found it on level 4 of the Dungeon)

   It warps and distorts space around it.
   Unwielding it can cause banishment or high damage.
   It affects your intelligence (+2).
   It affects your magic capacity (+9).
   It makes you more stealthy.
Missiles
 a - 188 arrows
 b - 5 javelins (quivered)
 y - 49 poisoned needles
Armour
 c - the +1 cloak "Afayqe" (worn) {+Inv Str+3}
   (You bought it in a shop on level 1 of the Orcish Mines)

   It affects your strength (+3).
   It lets you turn invisible.
 o - a +4 scale mail (worn)
 E - a +2 buckler (worn)
 G - a scarf of repulsion
 H - a +1 ring mail of magic resistance
 N - a +6 plate armour of ponderousness
 O - a +0 shield
 P - a +2 chain mail of positive energy
Jewellery
 r - a ring of wizardry (left hand)
 w - a ring of ice (right hand)
Wands
 f - a wand of acid (12)
 j - a wand of digging (12)
 n - a wand of flame (17)
 C - a wand of polymorph (6)
 L - a wand of iceblast (17)
 Y - a wand of disintegration (14)
Scrolls
 e - 2 scrolls of remove curse
 h - a scroll of blinking
 i - 4 scrolls of identify
 m - 4 scrolls of immolation
 s - 4 scrolls of magic mapping
 u - a scroll of enchant armour {unknown}
 x - a scroll of teleportation {unknown}
 A - 4 scrolls of fog {unknown}
 B - a scroll of enchant weapon {unknown}
 D - 4 scrolls of amnesia {unknown}
 J - a scroll of fear {unknown}
 T - a scroll of brand weapon {unknown}
 X - a scroll of silence {unknown}
Potions
 g - 3 potions of brilliance
 k - 2 potions of ambrosia
 l - a potion of magic
 p - 3 potions of mutation
 q - 5 potions of curing
 v - 3 potions of might
 z - a potion of agility
 F - a potion of heal wounds
 K - 2 potions of resistance
 M - a potion of lignification
 Q - a potion of invisibility {unknown}
 S - 4 potions of haste
 U - 3 potions of flight
Miscellaneous
 V - a lightning rod (4/4)
 W - a phantom mirror
Comestibles
 d - 12 rations
 I - 4 chunks of flesh


   Skills:
 - Level 4.5 Fighting
 - Level 6.2 Armour
 - Level 2.6 Dodging
 - Level 4.1 Shields
 - Level 11.7 Unarmed Combat
 - Level 4.6 Spellcasting
 - Level 5.3 Charms
 - Level 2.8 Necromancy
 - Level 1.9 Translocations
 + Level 4.2 Transmutations
 - Level 2.2 Ice Magic
 - Level 1.3 Poison Magic
 - Level 3.5 Invocations
 - Level 2.1 Evocations


You had 2 spell levels left.
You knew the following spells:

 Your Spells              Type           Power        Failure   Level  Hunger
a - Beastly Appendage     Tmut           ####..       1%          1    None
b - Sticks to Snakes      Tmut           ####....     1%          2    None
g - Regeneration          Chrm/Necr      ####......   4%          3    ##.....
i - Ice Form              Ice/Tmut       ####....     16%         4    ####...
l - Song of Slaying       Chrm           ####....     1%          2    None
p - Spider Form           Tmut/Pois      ###.......   6%          3    ##.....
t - Shroud of Golubria    Chrm/Tloc      ###.......   2%          2    None

Your spell library contained the following spells:

 Spells                   Type           Power        Failure   Level  Hunger
 Cause Fear               Hex            #.........   52%         4    ####...
 Slow                     Hex            #.......     11%         2    None
 Confuse                  Hex            #.......     21%         3    ##.....
 Summon Small Mammal      Summ           #...         7%          1    None
 Summon Ice Beast         Ice/Summ       ###.....     38%         4    ####...
 Call Imp                 Summ           #.......     11%         2    None
 Tukima's Dance           Hex            #.......     21%         3    ##.....
 Blade Hands              Tmut           ####......   30%         5    #####..
 Call Canine Familiar     Summ           #.......     21%         3    ##.....
 Ensorcelled Hibernation  Hex/Ice        ###...       6%          2    None
 Corona                   Hex            #......      7%          1    None
 Portal Projectile        Hex/Tloc       ##....       13%         3    ##.....
 Leda's Liquefaction      Hex/Erth       #.........   52%         4    ####...
 Inner Flame              Hex/Fire       #.......     21%         3    ##.....
 Dazzling Spray           Conj/Hex       #.....       21%         3    ##.....
 Infusion                 Chrm           ####         1%          1    None
 Spectral Weapon          Hex/Chrm       ###.....     7%          3    ##.....
 Summon Lightning Spire   Summ/Air       #.......     52%         4    ####...
 Summon Guardian Golem    Hex/Summ       #.......     21%         3    ##.....


Dungeon Overview and Level Annotations

Branches:
Dungeon (11/15)            Temple (1/1) D:6            Lair (3/6) D:9
    Orc (2/2) D:10
  Swamp: Lair:2-4    Shoals: Lair:2-4     Snake: Lair:2-4    Spider: Lair:2-4
    Elf: Orc:2

Altars:
Cheibriados
Dithmenos
Fedhas
Gozag
Nemelex Xobeh
Sif Muna
Trog
Vehumet
Xom
The Shining One
Beogh
Jiyva

Shops:
D:11 %   Orc:1 [[(*[

Portals:
Trove: D:11 (give +4 shadow dragon scales)

Annotations:
D:7 Prince Ribbit
Lair:2 3 runed doors, Hataesch's ghost, novice TrMo


Innate Abilities, Weirdness & Mutations

You have a pair of large horns on your head.
Your flesh is heat resistant. (rF+)
When hurt, damage is shared between your health and your magic reserves.
You regenerate magic rapidly.
When seriously injured, your bleeding wounds create armour. (AC +6)


Message History

The polar bear bites you but does no damage.
The polar bear barely misses you. The polar bear claws you.
You block the yak's attack. The polar bear closely misses you.
The polar bear misses you. The polar bear closely misses you.
You completely miss the polar bear.
The polar bear is almost dead.
The yak closely misses you. The polar bear bites you.
The polar bear claws you but does no damage.
The polar bear misses you. The polar bear bites you.
The polar bear claws you but does no damage.
The polar bear barely misses you.
You hit the polar bear.
The polar bear is almost dead.
The polar bear bites you!!
* * * LOW HITPOINT WARNING * * *
The polar bear claws you.
* * * LOW HITPOINT WARNING * * *
You block the polar bear's attack. The yak barely misses you.
The polar bear bites you!
You die...

.... ....
... #..
#..##
#..##
##hY#
##.h@#
##...##
#...##
#...##
##...#
##...##
##.....##
#...∩...#
#.......#


You could see 2 polar bears and a yak.

Vanquished Creatures
  A hydra (Lair:2)
  A vault guard (D:11)
  A two-headed ogre (D:11)
  An unseen horror (D:11)
  A spiny frog (Lair:2)
  A centaur skeleton (D:11)
  2 komodo dragons
  4 polar bears (IceCv)
  A troll (Orc:1)
  5 blink frogs
  A tyrant leech (Lair:2)
  A hippogriff (D:11)
  Sigmund (D:6)
  2 wyverns
  Eustachio (D:5)
  8 yaks
  Menkaure (D:5)
  3 wargs
  A water moccasin (Lair:2)
  7 porcupines
  An ice beast (D:10)
  2 sky beasts
  An eye of draining (D:11)
  7 orc warriors
  4 slaves (D:6)
  2 black bears (D:6)
  6 ogres
  2 wolves (IceCv)
  A centaur (D:6)
  4 crocodiles
  4 bullfrogs
  3 scorpions
  8 killer bees (D:11)
  4 wights (D:11)
  A howler monkey (D:11)
  A centaur zombie (D:6)
  A bullfrog zombie (D:10)
  3 crimson imps
  3 hounds
  11 orc priests
  A gnoll shaman (D:9)
  8 orc wizards
  5 iguanas
  10 worker ants
  2 hound skeletons
  A howler monkey zombie (D:9)
  A worker ant zombie (D:11)
  5 gnolls
  3 adders
  A shadow imp (D:10)
  An ooze (D:3)
  2 worms (D:4)
  2 leopard geckos
  39 orcs
  5 bats (D:1)
  5 giant cockroaches
  7 goblins
  7 hobgoblins
  9 jackals
  5 kobolds
  A ball python (D:1)
  2 frilled lizards
  2 jackal skeletons (D:4)
  9 rats
246 creatures vanquished.

Vanquished Creatures (collateral kills)
  A phantom (D:4)
  An ogre (Orc:1)
  A killer bee (D:11)
  An orc priest (Orc:1)
  3 orcs (Orc:1)
7 creatures vanquished.

Vanquished Creatures (others)
  3 fungi (Lair:2)
  8 plants
11 creatures vanquished.

Grand Total: 264 creatures vanquished

Notes
Turn   | Place    | Note
-------+----------+-------------------------------------------
     0 | D:1      | letownia2 the Demonspawn Transmuter began the quest for the Orb.
     0 | D:1      | Reached XP level 1. HP: 15/15 MP: 3/3
    81 | D:1      | Reached skill level 3 in Unarmed Combat
   154 | D:1      | Gained mutation: When hurt, damage is shared between your health and your magic reserves. [demonic ancestry]
   154 | D:1      | Reached XP level 2. HP: 14/21 MP: 3/5
   811 | D:3      | Gained mutation: When seriously injured, your bleeding wounds create armour. (AC +6) [demonic ancestry]
   811 | D:3      | Reached XP level 3. HP: 26/26 MP: 3/6
   941 | D:2      | Reached skill level 1 in Armour
   941 | D:2      | Gained mutation: You regenerate magic rapidly. [demonic ancestry]
   941 | D:2      | Reached XP level 4. HP: 11/32 MP: 3/7
   957 | D:2      | Learned a level 2 spell: Sticks to Snakes
   962 | D:2      | Learned a level 3 spell: Spider Form
   975 | D:3      | Reached skill level 4 in Unarmed Combat
  1128 | D:4      | Mutation became permanent: You have a pair of small horns on your head. [demonic ancestry]
  1128 | D:4      | Gained mutation: You have a pair of horns on your head. [demonic ancestry]
  1128 | D:4      | Reached XP level 5. HP: 31/37 MP: 8/8
  1281 | D:4      | Reached skill level 5 in Unarmed Combat
  1343 | D:4      | Got a warped trident
  1379 | D:4      | Noticed a phantom
  1401 | D:4      | Killed a phantom
  1401 | D:4      | Reached XP level 6. HP: 25/44 MP: 6/9
  1731 | D:5      | Entered Level 5 of the Dungeon
  1830 | D:5      | Reached skill level 6 in Unarmed Combat
  1883 | D:5      | Noticed Menkaure
  1893 | D:5      | Killed Menkaure
  1893 | D:5      | Gained mutation: Your flesh is heat resistant. (rF+) [demonic ancestry]
  1893 | D:5      | Reached XP level 7. HP: 9/50 MP: 3/10
  1927 | D:5      | Reached skill level 7 in Unarmed Combat
  2364 | D:5      | Noticed Eustachio
  2386 | D:5      | Reached skill level 8 in Unarmed Combat
  2386 | D:5      | Gained mutation: You have a pair of horns on your head. [demonic ancestry]
  2386 | D:5      | Reached XP level 8. HP: 56/56 MP: 9/11
  2408 | D:5      | Killed Eustachio
  2499 | D:6      | Reached skill level 9 in Unarmed Combat
  2669 | D:6      | Reached skill level 1 in Poison Magic
  2771 | D:6      | Found a staircase to the Ecumenical Temple.
  2780 | Temple   | Entered the Ecumenical Temple
  2796 | Temple   | Became a worshipper of Cheibriados the Contemplative
  2889 | D:6      | Reached skill level 1 in Shields
  2954 | D:6      | Noticed Sigmund
  3003 | D:6      | Killed Sigmund
  3004 | D:6      | Gained mutation: You have a pair of large horns on your head. [demonic ancestry]
  3004 | D:6      | Reached XP level 9. HP: 51/62 MP: 12/12
  3224 | D:7      | Identified the +9 trident of Breach {distort, MP+9 Int+2 Stlth+} (You found it on level 4 of the Dungeon)
  3352 | D:7      | Found a deep blue altar of Sif Muna.
  3496 | D:7      | Noticed Prince Ribbit
  3502 | D:7      | Reached * piety under Cheibriados
  3666 | D:8      | Learned a level 2 spell: Shroud of Golubria
  3669 | D:8      | Learned a level 2 spell: Song of Slaying
  3723 | D:8      | You fall through a shaft for 3 floors!
  3734 | D:11     | Reached skill level 1 in Charms
  3734 | D:11     | Reached skill level 1 in Translocations
  4001 | D:11     | Reached skill level 5 in Charms
  4052 | D:11     | Learned a level 3 spell: Regeneration
  4069 | D:11     | Reached ** piety under Cheibriados
  4222 | D:11     | Found Cetithi's Food Shoppe.
  4267 | D:10     | Entered Level 10 of the Dungeon
  4407 | D:9      | Reached skill level 1 in Invocations
  4421 | D:9      | Reached XP level 10. HP: 66/69 MP: 14/14
  4632 | D:9      | Reached skill level 1 in Evocations
  4659 | D:9      | Found a staircase to the Lair.
  4870 | D:10     | Found a staircase to the Orcish Mines.
  4921 | Orc:1    | Entered Level 1 of the Orcish Mines
  4921 | Orc:1    | Found a roughly hewn altar of Beogh.
  4936 | Orc:1    | Found Saeblerch's Antique Armour Shoppe.
  4981 | Orc:1    | Reached *** piety under Cheibriados
  5077 | Orc:1    | Found Viumi's Assorted Antiques.
  5080 | Orc:1    | Found Genouwir's Antique Weapon Emporium.
  5083 | Orc:1    | Found Osee's Antique Armour Shoppe.
  5091 | Orc:1    | Bought a distressingly furry cloak for 228 gold pieces
  5103 | Orc:1    | Identified the +1 cloak "Afayqe" {+Inv Str+3} (You bought it in a shop on level 1 of the Orcish Mines)
  5134 | Orc:2    | Entered Level 2 of the Orcish Mines
  5237 | Orc:1    | Bought a scroll labeled FAHEGYNGUNER for 24 gold pieces
  5287 | Orc:2    | Noticed an orc knight
  5304 | Orc:1    | Found Asopiz's Antique Armour Boutique.
  5425 | D:11     | Noticed a two-headed ogre
  5433 | D:11     | Killed a two-headed ogre
  5433 | D:11     | Reached skill level 5 in Armour
  5544 | D:11     | Killed an unseen horror
  5606 | D:11     | Noticed a vault guard
  5615 | D:11     | Killed a vault guard
  5615 | D:11     | Reached skill level 10 in Unarmed Combat
  5615 | D:11     | Reached XP level 11. HP: 70/78 MP: 15/15
  5619 | D:11     | Found a portal to a secret trove of treasure.
  5655 | D:11     | Reached **** piety under Cheibriados
  5691 | D:11     | Noticed an eight-headed hydra
  5733 | Lair:1   | Entered Level 1 of the Lair of Beasts
  5837 | Lair:2   | Found a runed gate.
  5837 | Lair:2   | Found a runed gate.
  5837 | Lair:2   | Found a runed gate.
  5838 | Lair:2   | Noticed a death ooze
  5846 | Lair:2   | Noticed Hataesch's ghost (novice TrMo)
  5846 | Lair:2   | Noticed a five-headed hydra
  5855 | Lair:2   | Killed a five-headed hydra
  5982 | Lair:2   | Found a viscous altar of Jiyva.
  6028 | Lair:2   | Reached skill level 11 in Unarmed Combat
  6225 | Lair:2   | Noticed a four-headed hydra
  6409 | Lair:3   | Found a frozen archway.
  6423 | Lair:3   | Learned a level 4 spell: Ice Form
  6434 | IceCv    | Entered an ice cave
  6448 | IceCv    | Reached skill level 1 in Ice Magic
  6497 | IceCv    | Reached ***** piety under Cheibriados
  6515 | IceCv    | Slain by a polar bear

Skill      XL: |  1  2  3  4  5  6  7  8  9 10 11 |
---------------+----------------------------------+-----
Unarmed Combat | 3 4 5 6 8 9 10 11 | 11.7
Transmutations | 2 3 4 |  4.2
Armour         | 1 2 6 |  6.2
Fighting       | 2 4 |  4.5
Dodging        | 2 |  2.6
Poison Magic   | 1 |  1.3
Shields        | 3 4 |  4.1
Charms         | 5 |  5.3
Translocations | 1 |  1.9
Necromancy     | 2 |  2.8
Invocations    | 1 3 |  3.5
Evocations     | 2 |  2.1
Spellcasting   | 4 |  4.6
Ice Magic      | 2 |  2.2

Action                   |  1- 3 |  4- 6 |  7- 9 | 10-12 || total
-------------------------+-------+-------+-------+-------++-------
Melee: Unarmed           |   140 |   166 |   420 |   373 ||  1099
       Headbutt          |     8 |    21 |    66 |   133 ||   228
       Kick              |     8 |    16 |    69 |    42 ||   135
       Punch             |     5 |     1 |     5 |       ||    11
Throw: Javelin           |       |     2 |    11 |     2 ||    15
 Cast: Beastly Appendage |    14 |    11 |    24 |     6 ||    55
       Spider Form       |       |     2 |       |       ||     2
       Sticks to Snakes  |       |     2 |     5 |     3 ||    10
       Regeneration      |       |       |     3 |    14 ||    17
       Song of Slaying   |       |       |     2 |     7 ||     9
       Shroud of Golubri |       |       |     1 |    17 ||    18
Evoke: Wand              |       |     2 |     4 |     1 ||     7
       Sack of spiders   |       |       |       |     2 ||     2
  Use: Potion            |       |     2 |     2 |       ||     4
       Scroll            |       |       |     7 |     8 ||    15
 Stab: Distracted        |       |       |     2 |     1 ||     3
  Eat: Chunk             |     1 |     4 |     9 |     7 ||    21
Armor: Robe              |     8 |       |       |       ||     8
       Scale mail        |    45 |    45 |   160 |    69 ||   319
       Skin              |       |    22 |    41 |       ||    63
       Plate armour      |       |       |       |    86 ||    86
Dodge: Dodged            |    74 |    57 |   154 |   152 ||   437
       Deflected         |       |       |     4 |       ||     4
Block: Buckler           |       |       |    52 |   123 ||   175
